Description

自用

Replay - pvz标准两航母运营

Build Order

Get SALT Encoding   

  12  0:00  Probe  
  13  0:12  Probe  
  14  0:20  Pylon  
  14  0:24  Probe  
  15  0:38  Probe (Chrono Boost)  
  15  0:41  Gateway  
  16  0:49  Assimilator  
  17  0:50  Probe x2 (Chrono Boost)  
  18  1:05  Probe  
  19  1:17  Probe  
  20  1:31  Cybernetics Core  
  20  1:40  Nexus  
  20  1:43  Assimilator  
  20  1:49  Pylon  
  20  1:51  Probe  
  21  2:03  Probe  
  21  2:04  Adept (Chrono Boost)  
  25  2:21  Stargate  
  25  2:27  Adept  
  23  2:37  Warp Gate  
  37  3:08  Void Ray (Chrono Boost)  
  41  3:20  Gateway  
  41  3:26  Assimilator x2  
  41  3:32  Pylon  
  43  3:46  Pylon  
  46  4:05  Stargate  
  46  4:06  Fleet Beacon  
  50  4:27  Pylon  
  51  4:31  Protoss Air Weapons Level 1  
  53  4:48  Carrier (Chrono Boost)  
  59  4:55  Carrier (Chrono Boost)  
  65  5:05  Zealot x2  
  69  5:22  Nexus  
  75  5:43  Void Ray (Chrono Boost)  
  75  5:48  Void Ray  
  80  5:52  Twilight Council  
  80  5:55  Forge  
  82  6:01  Shield Battery  
  84  6:12  Gateway x2  
  85  6:37  Protoss Ground Weapons Level 1, Charge  
  88  6:46  Templar Archives  
  88  6:52  Assimilator  
  93  7:08  Psionic Storm  
  93  7:10  Carrier x2  
  107  7:18  Assimilator  
  107  7:32  Gateway x3  
  108  7:48  Shield Battery  
  108  7:53  Gateway  
  108  7:56  Shield Battery  
  108  8:08  High Templar x4  
  116  8:18  Photon Cannon  
  116  8:29  Nexus  
  119  8:48  Protoss Ground Weapons Level 2 (Chrono Boost)  
  119  8:58  Protoss Air Weapons Level 2 (Chrono Boost)  
  119  9:05  Shield Battery x2, Photon Cannon x3  
  119  9:08  High Templar x4  
  125  9:10  Photon Cannon  
  125  9:12  Archon x2  
  125  9:16  Shield Battery  
  130  9:25  Carrier  
  136  9:36  Carrier  
  144  9:49  Assimilator  
  146  9:54  Assimilator  
  146  9:57  High Templar x2  
Spawning Tool Build Advisor. Get it on Overwolf

Go to:

Details

  • Created by: TwingsO
  • Published on: Mar 06, 2023
  • Modified on: Mar 06, 2023
  • Patch: 5.0.11
  • Difficulty: Medium
Show
View Real Time Build Order
Export as new Build Order

Comments (0)

There are no comments. Be the first!

Create an account to comment!